 Dungeon Crawl Stone Soup version 0.28.0-53-g5a82cb258f (webtiles) character file.

Game seed: 18024346975920441405

9027 safid the Severer (level 11, -1/97 HPs)
             Began as a Hill Orc Fighter on Aug 18, 2022.
             Was a Believer of Beogh.
             Slain by a wolf (8 damage)
             ... on level 1 of the Lair of Beasts.
             The game lasted 00:13:23 (9850 turns).

safid the Severer (Hill Orc Fighter)                Turns: 9850, Time: 00:13:24

Health: -1/97      AC: 16    Str: 26    XL:     11   Next: 40%
Magic:  11/11      EV:  8    Int:  8    God:    Beogh [**....]
Gold:   669        SH:  4    Dex:  8    Spells: 10/10 levels left

rFire   + + .      SeeInvis .   t - +10 spear "Neycemya" {vorpal, rF++ rCorr Str+2 Dex-2}
rCold   + . .      Faith    .   c - +0 buckler
rNeg    . . .      Spirit   .   l - +0 plate armour
rPois   +          Reflect  .   i - +0 helmet
rElec   .          Harm     .   (no cloak)
rCorr   +          Rampage  .   (no gloves)
Will    .....                   u - +0 pair of boots
Stlth   ..........              j - amulet of regeneration
HPRegen 1.06/turn               E - ring of poison resistance
MPRegen 0.12/turn               G - ring of protection from cold

@: no status effects
A: no striking features
a: Renounce Religion, Smiting


You were on level 1 of the Lair of Beasts.
You worshipped Beogh.
Beogh was pleased with you.
You visited 3 branches of the dungeon, and saw 12 of its levels.
You also visited: Sewer and Ossuary.

You collected 724 gold pieces.
You spent 55 gold pieces at shops.

Inventory:

Hand Weapons
 a - a +0 war axe
 t - the +10 spear "Neycemya" (weapon) {vorpal, rF++ rCorr Str+2 Dex-2}
   (You found it on level 5 of the Dungeon)

   It inflicts extra damage upon your enemies.
   Str:       It affects your strength (+2).
   Dex:       It affects your dexterity (-2).
   rF:        It greatly protects you from fire.
   rCorr:     It protects you from acid and corrosion.
Missiles
 e - 2 throwing nets (quivered)
 q - 11 poisoned darts
 r - 3 javelins
Armour
 c - a +0 buckler (worn)
 i - a +0 helmet (worn)
 l - a +0 plate armour (worn)
 u - a +0 pair of boots (worn)
Jewellery
 j - an amulet of regeneration (around neck)
 n - a +4 ring of evasion
 z - a ring of resist corrosion
 E - a ring of poison resistance (left hand)
 G - a ring of protection from cold (right hand)
 H - a ring of willpower
 K - an amulet of the acrobat
 M - a ring of see invisible
Wands
 y - a wand of iceblast (4)
 L - a wand of polymorph (5)
 P - a wand of digging (3)
Scrolls
 f - 2 scrolls of enchant weapon
 g - a scroll of brand weapon
 h - 7 scrolls of teleportation
 A - 2 scrolls of fog
 C - 2 scrolls of immolation
 D - 3 scrolls of vulnerability
 F - a scroll of blinking
 J - a scroll of torment
 N - 2 scrolls of enchant armour
 O - a scroll of silence {unknown}
Potions
 b - 3 potions of mutation
 d - 4 potions of might
 k - 4 potions of curing
 m - 3 potions of brilliance
 o - 2 potions of haste
 p - 2 potions of flight
 s - a potion of ambrosia {unknown}
 v - 2 potions of cancellation {unknown}
 w - a potion of degeneration {unknown}
 x - 3 potions of lignification {unknown}
 B - 2 potions of attraction {unknown}
 I - a potion of berserk rage {unknown}


   Skills:
 + Level 9.2 Fighting
 - Level 16.0 Axes
 + Level 8.6 Armour
 + Level 5.6 Dodging
 - Level 4.0 Shields


You had 10 spell levels left.
You didn't know any spells.
Your spell library contained the following spells:

 Spells                   Type           Power      Damage    Failure   Level
 Sublimation of Blood     Necr           0%         N/A       100%        2
 Wereblood                Tmut           0%         N/A       100%        2
 Conjure Flame            Conj/Fire      0%         6-21      100%        3
 Ignite Poison            Fire/Tmut/Pois 0%         N/A       100%        3
 Airstrike                Air            0%         N/A       100%        4
 Leda's Liquefaction      Hex/Erth       0%         N/A       100%        4
 Petrify                  Tmut/Erth      0%         N/A       100%        4
 Sticky Flame             Conj/Fire      0%         2d3       100%        4
 Summon Lightning Spire   Summ/Air       0%         N/A       100%        4
 Blade Hands              Tmut           0%         N/A       100%        5
 Iskenderun's Battlesphe  Conj           0%         2d6       100%        5
 Lee's Rapid Deconstruct  Erth           0%         3d5*      100%        5
 Lightning Bolt           Conj/Air       0%         1d11      100%        5
 Iron Shot                Conj/Erth      0%         9d1       100%        6
 Statue Form              Tmut/Erth      0%         N/A       100%        6
 Spellforged Servitor     Conj/Summ      0%         N/A       100%        7
 Summon Hydra             Summ           0%         N/A       100%        7
 Necromutation            Tmut/Necr      0%         N/A       100%        8


Dungeon Overview and Level Annotations

Branches:
Dungeon (10/15)            Temple (1/1) D:5            Lair (1/6) D:10
  Sewer (visited)         Ossuary (visited)
    Orc: D:9-12

Altars:
Ashenzari
Cheibriados
Dithmenos
Elyvilon
Fedhas
Gozag
Hepliaklqana
Kikubaaqudgha
Makhleb
Nemelex Xobeh
Okawaru
Qazlal
Ru
Sif Muna
Trog
Uskayaw
Vehumet
Wu Jian
Xom
Yredelemnul
Zin
The Shining One

Shops:
D:1 ?   D:6 (

Annotations:
D:8 2 transporters, Whoops's ghost, novice DsFi


Message History

Unknown command.
You hit Fannar.
Fannar is almost dead.
The wolf barely misses you. Fannar hits you but does no damage.
Unknown command.
You hit Fannar.
Fannar is almost dead.
The wolf barely misses you. The ice beast closely misses you.
The ice beast hits you but does no damage.
Unknown command.
You closely miss Fannar.
Fannar is almost dead.
You block the wolf's attack.
Fannar brushes some snowflakes from their robe.
Fannar closely misses you.
The ice beast hits you but does no damage.
The ice beast barely misses you. The wolf bites you.
* * * LOW HITPOINT WARNING * * *
You closely miss Fannar.
Fannar is almost dead.
Some snowflakes condense on Fannar.
Fannar hits you but does no damage. The wolf bites you!
* * * LOW HITPOINT WARNING * * *
The ice beast barely misses you.
The ice beast hits you but does no damage.
You puncture Fannar!
You kill Fannar!
Beogh accepts your kill.
The ice beast disappears in a puff of smoke! x2
The wolf bites you!
* * * LOW HITPOINT WARNING * * *
Unknown command.
You puncture the wolf!
The wolf is severely wounded.
The wolf bites you but does no damage.
Unknown command.
You hit the wolf.
The wolf is almost dead.
The wolf bites you but does no damage. The wolf bites you!
You die...

#### .####.#P#######
................... ...
........#P.##. #..
####....##..##
#.#####.....##....
#...........##.... #.
#.....#.....##....
##...##§)....#....#.....
......§@†...P#....##....
......#h######.....#....
##... #.# #....##....
#.. ... .....####.# #.
.... ...... #.# ..
...... . ...... $......


You could see a wolf.

Vanquished Creatures
  Fannar (Lair:1)
  Pikel (D:8)
  An ugly thing (D:10)
  A manticore (D:9)
  A komodo dragon (D:10)
  2 trolls
  A hornet (D:7)
  A shadow (D:9)
  Eustachio (D:6)
  2 wyverns
  A steam dragon (D:5)
  8 yaks
  Menkaure (D:6)
  3 water moccasins
  An acid dragon (D:10)
  An ice beast (D:6)
  2 orc warriors (D:8)
  4 black bears
  Pargi (Sewer)
  An ogre (D:6)
  3 centaurs
  3 wolves (Lair:1)
  3 lemures (D:8)
  An elf zombie (Ossuary)
  A kobold brigand (D:9)
  5 bullfrogs
  4 scorpions
  A wyvern skeleton (D:5)
  2 wyvern zombies (D:8)
  A water moccasin skeleton (D:5)
  8 killer bees
  7 wights
  A howler monkey (D:7)
  2 jellies
  3 centaur zombies
  2 hounds
  3 human zombies (Ossuary)
  5 orc priests
  2 gnoll shamans (D:7)
  4 iguanas
  5 orc wizards
  A killer bee zombie (D:8)
  A hound zombie (D:5)
  2 mummies (Ossuary)
  11 gnolls
  7 adders
  A white imp (D:7)
  An ufetubus (D:5)
  An adder zombie (Ossuary)
  3 adder skeletons
  2 worms
  4 dart slugs
  24 orcs
  9 ball pythons
  10 bats
  5 endoplasms
  5 giant cockroaches (D:4)
  6 goblins
  5 hobgoblins
  A jackal (Sewer)
  13 kobolds
  6 quokkas
  3 frilled lizards
  A goblin zombie (Ossuary)
  11 hobgoblin zombies (Ossuary)
  A jackal zombie (Ossuary)
  9 kobold zombies (Ossuary)
  8 orc zombies (Ossuary)
252 creatures vanquished.

Vanquished Creatures (others)
  11 fungi (D:10)
  16 plants (D:10)
27 creatures vanquished.

Grand Total: 279 creatures vanquished

Notes
Turn   | Place    | Note
-------+----------+-------------------------------------------
     0 | D:1      | safid the Hill Orc Fighter began the quest for the Orb.
     0 | D:1      | Reached XP level 1. HP: 19/19 MP: 1/1
   147 | D:1      | Reached XP level 2. HP: 18/27 MP: 2/2
   148 | D:1      | Reached skill level 3 in Axes
   550 | D:1      | Found Bigastre's Magic Scroll Boutique.
   560 | D:1      | Bought a scroll of identify for 22 gold pieces
   560 | D:1      | Bought a scroll of noise for 11 gold pieces
   560 | D:1      | Bought a scroll of identify for 22 gold pieces
   857 | D:1      | Reached XP level 3. HP: 31/33 MP: 3/3
  1213 | D:2      | Found a faded altar of an unknown god.
  2145 | D:3      | Reached XP level 4. HP: 40/40 MP: 4/4
  2530 | D:3      | Reached skill level 4 in Axes
  2815 | D:4      | Reached skill level 5 in Axes
  2833 | D:4      | Reached XP level 5. HP: 37/46 MP: 5/5
  2852 | D:4      | Reached skill level 6 in Axes
  2887 | D:4      | Reached XP level 6. HP: 20/52 MP: 6/6
  2936 | D:4      | Found a snail-covered altar of Cheibriados.
  2937 | D:4      | Found a stormy altar of Qazlal.
  2939 | D:4      | Found a blossoming altar of Fedhas.
  2939 | D:4      | Found a sparkling altar of Nemelex Xobeh.
  2940 | D:4      | Found an ancient bone altar of Kikubaaqudgha.
  2941 | D:4      | Found a shimmering altar of Xom.
  2941 | D:4      | Found a bloodstained altar of Trog.
  2942 | D:4      | Found a hazy altar of Hepliaklqana.
  2983 | D:4      | Reached skill level 7 in Axes
  2990 | D:4      | Found an ornate altar of the Wu Jian Council.
  3070 | D:4      | Noticed an angel
  3071 | D:4      | Found a glowing silver altar of Zin.
  3123 | D:4      | Found a glowing drain.
  3152 | Sewer    | Entered a sewer
  3217 | Sewer    | Noticed Pargi
  3226 | Sewer    | Killed Pargi
  3227 | Sewer    | Reached skill level 8 in Axes
  3726 | D:5      | Entered Level 5 of the Dungeon
  3779 | D:5      | Noticed a steam dragon
  3788 | D:5      | Killed a steam dragon
  3789 | D:5      | Reached skill level 9 in Axes
  3789 | D:5      | Reached XP level 7. HP: 48/59 MP: 7/7
  3822 | D:5      | Found a staircase to the Ecumenical Temple.
  3902 | Temple   | Entered the Ecumenical Temple
  4374 | D:5      | Identified the +10 spear "Neycemya" {vorpal, rF++ rCorr
                  | Str+2 Dex-2}
  4550 | D:5      | Reached skill level 10 in Axes
  4699 | D:5      | Reached skill level 11 in Axes
  4699 | D:5      | Reached XP level 8. HP: 66/66 MP: 8/8
  5218 | D:6      | Found a sand-covered staircase.
  5232 | Ossuary  | Entered an ossuary
  5421 | Ossuary  | Reached skill level 12 in Axes
  5631 | D:6      | Found a burning altar of Makhleb.
  5652 | D:6      | Noticed Menkaure
  5659 | D:6      | Killed Menkaure
  5660 | D:6      | Reached skill level 13 in Axes
  5720 | D:6      | Noticed Eustachio
  5733 | D:6      | Killed Eustachio
  5736 | D:6      | Reached XP level 9. HP: 71/71 MP: 9/9
  5781 | D:6      | Reached skill level 14 in Axes
  6295 | D:6      | Found Bavan's Weapon Boutique.
  6463 | D:7      | Got the Guide on Changing and Evil
  6472 | D:7      | Found an iron altar of Okawaru.
  6520 | D:7      | Reached skill level 15 in Axes
  6589 | D:7      | Became a worshipper of Beogh the Brigand
  6650 | D:7      | Noticed a hornet
  6659 | D:7      | Killed a hornet
  7343 | D:8      | Found a transporter.
  7344 | D:8      | Found a transporter.
  7344 | D:8      | Noticed Whoops's ghost (novice DsFi)
  7350 | D:8      | Noticed a two-headed ogre
  7458 | D:8      | Reached skill level 16 in Axes
  7562 | D:8      | Reached skill level 1 in Dodging
  7632 | D:8      | Reached skill level 5 in Fighting
  7768 | D:8      | Noticed Pikel
  7775 | D:8      | Reached * piety under Beogh
  7776 | D:8      | Reached skill level 5 in Armour
  7787 | D:8      | Killed Pikel
  7788 | D:8      | Reached XP level 10. HP: 24/83 MP: 10/10
  8573 | D:9      | Noticed a manticore
  8593 | D:9      | Killed a manticore
  8767 | D:10     | Entered Level 10 of the Dungeon
  8794 | D:10     | Noticed a red ugly thing
  8858 | D:10     | Killed a red ugly thing
  8986 | D:10     | Reached XP level 11. HP: 90/94 MP: 11/11
  8993 | D:10     | Reached ** piety under Beogh
  9031 | D:10     | Found a staircase to the Lair.
  9137 | D:10     | Found a glowing golden altar of the Shining One.
  9210 | D:10     | Reached skill level 5 in Dodging
  9751 | Lair:1   | Entered Level 1 of the Lair of Beasts
  9819 | Lair:1   | Noticed Fannar
  9848 | Lair:1   | Killed Fannar
  9850 | Lair:1   | Slain by a wolf

Illustrated notes

Levels and vault maps discovered:
D:1:      dpeg_arrival_arbitrary_c, layout_basic, serial_shops,
          nicolae_lakefront_shop
D:2:      layout_basic, shapermc_ecumenical_altar_venn
D:3:      layout_basic
D:4:      layout_cave_pools, old_standard_altar, zin_angel,
          grunt_temple_overflow_open, gup_sewer_entry_pipe
D:5:      layout_loops_ring, minmay_temple_entry_enclosed_plants,
          chequers_serial_rivers_large_a, kennysheep_diamond
D:6:      layout_loops_ring, mainiacjoe_overflow_alcove_1, serial_shops,
          nicolae_lakefront_shop, chequers_ossuary_entry_cave,
          serial_co_window_serial, co_window_paths_b,
          co_window_of_opportunity_a, co_window_of_opportunity_a,
          co_window_paths_a, co_window_of_opportunity_a, co_window_paths_b,
          co_window_corner_a, co_window_corner_ca, co_window_2corner,
          co_window_cross_4, co_window_cross_4, co_window_unsneaky_path_d,
          co_window_unsneaky_path_a, glass_columns_b, glass_columns_a,
          glass_columns_a, uniq_eustachio, uniq_menkaure
D:7:      layout_basic, okawaru_ov_weapons_minmay, minivault_22
D:8:      layout_loops_cross, gammafunk_ghost_smash, uniq_pikel
D:9:      layout_roguey, eino_curves_01
D:10:     layout_basic, amcnicky_altar_gilded, due_lair_maze_entry_diamond
Temple:   compressed_dpeg_triangle_lava_temple
Lair:1:   layout_regular_city, serial_bayou_shore_b, grunt_megastairs_2,
          uniq_erica, uniq_fannar

Skill      XL: |  1  2  3  4  5  6  7  8  9 10 11 |
---------------+----------------------------------+-----
Axes           | 3 5 6 9 11 13 16 | 16.0
Fighting       | 4 5 8 9 |  9.2
Armour         | 4 5 7 8 |  8.6
Shields        | 4 |  4.0
Dodging        | 2 4 5 |  5.6

Action                   |  1- 3 |  4- 6 |  7- 9 | 10-12 || total
-------------------------+-------+-------+-------+-------++-------
Melee: War axe           |    86 |   174 |     9 |       ||   269
       Spear             |       |       |   330 |   272 ||   602
Invok: Convert to Beogh  |       |       |     1 |       ||     1
  Use: Potion            |       |     1 |     1 |       ||     2
       Scroll            |       |       |     8 |     7 ||    15
Armor: Scale mail        |    34 |       |       |       ||    34
       Plate armour      |     1 |   149 |   193 |   141 ||   484
Dodge: Dodged            |    35 |    38 |    82 |    98 ||   253
Block: Buckler           |    19 |    36 |    40 |    52 ||   147
